groovejumper, chaotic female human Monk ---------- -------------- ------------- #......^(.| ###########.............| |......>....| #|.........# # |............| |...........| #|........|### ##-............| |...........| #.)....<%..# # |............| ---------- |...........| ###|........| ### |............| |.........#######|...........| ###-.-------- # -------.------ |........| #|............### ##### ### |........-# #----+--------### # # ----------# ################ ### ### # # ### # # # ########### #-----+--------- #--.--- #@......D....... #|....| |.............| #|....| |.............. ##|....| --------------- #.....+ ------ groovejumper the Initiate Experience level: 8 Strength: 17 Dexterity: 13 Constitution: 15 Intelligence: 8 Wisdom: 15 Charisma: 8 Health: 31(54) Energy: 48(53) AC: 0 Gold: 1676 Moves: 5423 Your Inventory: Coins $ - 1676 gold pieces Weapons k - a blessed fireproof [+1] sling of fire (weapon in hand) E - a blessed [+1] silver saber named Werebane [Werebane] Armor a - an uncursed +2 pair of leather gloves (being worn) Comestibles f - an uncursed food ration g - 3 uncursed apples i - an [uncursed] tin [of spinach] G - an uncursed lizard corpse R - 2 uncursed cream pies Scrolls d - 2 uncursed scrolls of identify l - an uncursed scroll of create monster n - 2 uncursed scrolls of light q - an uncursed scroll of teleportation w - 2 uncursed scrolls labeled MAPIRO MAHAMA DIROMAT [of magic mapping] x - a cursed scroll of identify P - a [blessed] scroll labeled DAIYEN FOOELS [of destroy armor] Q - 2 uncursed unlabeled scrolls [of blank paper] T - an uncursed scroll labeled ASHPD [of scare monster] Spellbooks c - a blessed spellbook of protection u - an uncursed spellbook of healing Potions e - 3 uncursed potions of healing j - an uncursed puce potion [of booze] m - a blessed clear potion [of holy water] s - an [uncursed] clear potion [of water] Rings o - an uncursed ring of polymorph control Tools p - an [uncursed] tin whistle Gems z - an uncursed black gem [worthless glass] K - 12 uncursed rocks (in quiver) N - an uncursed gray stone named luck or flint [flint] O - an uncursed gray stone named flint or luck [flint] Spells known in the end: Name Level Category Fail Memory a - protection 1 clerical 27% [||||||..] b - healing 1 healing 11% [|||||||.] Your skills at the end: Fighting Skills martial arts [Skilled / Grand Master] Weapon Skills Spellcasting Skills healing spells [Basic / Expert] Final Attributes: You were piously aligned. Hunger level was 184. Your alignment was 36 / 37. Monster difficulty range was 1 - 7. Level difficulty was 7. You were immune to sleep. You were immune to poison. You saw invisible. You were warned. You were stealthy. You were protected. You were fast. Your luck was zero. You are dead. Vanquished creatures: a lynx a gnome king a lizard a dingo a blue jelly a rope golem 3 soldier ants 2 Mordor orcs an Uruk-hai a rock piercer a pony a gnome lord a gnomish wizard a gray ooze a ghoul a paper golem a giant ant a little dog a floating eye 2 kittens a dwarf 14 hill orcs a rothe a rabid rat 5 orc zombies a wererat a werejackal 4 iguanas 5 killer bees 4 cave spiders a green mold a gnome zombie a gecko 4 jackals a fox 3 grid bugs a bat 5 lichens 5 newts 83 creatures vanquished. Voluntary challenges: You were vegetarian. You used a wielded weapon 5 times. You read items or engraved 5 times. You put on armor 2 times. You never genocided any monsters. You never polymorphed an object. You never changed form. You used no wishes. You never wrote Elbereth's name. You never encountered a bones level. You never used any Sokoban shortcuts. Dungeon overview: The Dungeons of Doom: levels 1 to 7 Level 1 a long staircase Level 2 a fountain a long staircase Level 5 a general store, an altar to Huan Ti Level 6 an altar to Huan Ti, a fountain Level 7 <- You were here History has recorded: On T:1 you entered the Dungeons of Doom to retrieve the Amulet of Yendor! On T:266 you reached level 2 of The Dungeons of Doom. On T:701 you advanced to experience level 2. On T:794 you reached level 3 of The Dungeons of Doom. On T:859 you advanced to experience level 3. On T:1102 you reached level 4 of The Dungeons of Doom. On T:1159 you advanced to experience level 4. On T:1478 you reached level 5 of The Dungeons of Doom. On T:1582 you advanced to experience level 5. On T:2594 you advanced to experience level 6. On T:3161 you received a fireproof sling of fire from Huan Ti. On T:3284 you advanced to experience level 7. On T:3450 you received Werebane from Huan Ti. On T:4897 you reached level 6 of The Dungeons of Doom. On T:5028 you advanced to experience level 8. On T:5254 you reached level 7 of The Dungeons of Doom. Latest messages: [HP+1=30] You are beginning to feel hungry. You don't have that object. Core dumped. [HP+1=31] Please move the cursor to an unknown object. Done. Please move the cursor to an unknown object. Done. The air around you begins to shimmer with a golden haze. k - a blessed fireproof sling of fire (weapon in hand). The sarkany breathes a disintegration blast! The bolt of disintegration hits you! Your robe crumbles and turns to dust! Final status: Punardarsanaya groovejumper the Monk... You were disintegrated in The Dungeons of Doom on dungeon level 7 with 6183 points, and 1676 pieces of gold, after 5423 moves. You were level 8 with a maximum of 54 hit points when you were disintegrated.